 Dungeon Crawl Stone Soup version 0.30-a0-883-g5ad918d77d (webtiles) character file.

Game seed: 15517169878841969263

32 hikkokomori the Sneak (level 3, -2/28 HPs)
             Began as a Formicid Brigand on Mar 18, 2023.
             Slain by an orc
             ... wielding a +0 club
              (3 damage)
             ... on level 2 of the Dungeon.
             The game lasted 00:01:43 (781 turns).

hikkokomori the Sneak (Formicid Brigand)             Turns: 781, Time: 00:01:43

Health: -2/28      AC:  3    Str: 15    XL:     3   Next: 45%
Magic:  3/3        EV: 12    Int: 10    God:
Gold:   68         SH:  0    Dex: 17    Spells: 2/2 levels left

rFire   . . .      SeeInvis +    a - +2 dagger
rCold   . . .      Faith    .    (no shield)
rNeg    . . .      Spirit   .    b - +0 robe
rPois   .          Reflect  .    (helmet unavailable)
rElec   .          Rampage  .    c - +0 cloak
rCorr   .                        (no gloves)
Will    .....                    (no boots)
Stlth   +++                      (no amulet)
HPRegen 0.24/turn                (no ring)
MPRegen 0.08/turn                (no ring)

@: no status effects
A: permanent stasis, dig shafts and tunnels, antennae 3, four strong arms
a: Dig, Shaft Self


You were on level 2 of the Dungeon.
You visited 1 branch of the dungeon, and saw 2 of its levels.

You collected 68 gold pieces.

Inventory:

Hand Weapons
 a - a +2 dagger (weapon)
Missiles
 d - 9 poisoned darts (quivered)
 e - 3 curare-tipped darts
Armour
 b - a +0 robe (worn)
 c - a +0 cloak (worn)
Scrolls
 f - a scroll of summoning {unknown}
 g - 5 scrolls of identify {unknown}
 h - a scroll of brand weapon {unknown}
Potions
 i - 2 potions of lignification
 j - a potion of curing {unknown}


   Skills:
 + Level 2.6 Fighting
 - Level 2.4 Short Blades
 + Level 0.0(1.3) Long Blades
 - Level 2.3 Throwing
 - Level 1.4 Dodging
 + Level 5.1 Stealth


You had 2 spell levels left.
You didn't know any spells.
Your spell library was empty.

Dungeon Overview and Level Annotations

Branches:
Dungeon (2/15)

Altars:


Innate Abilities, Weirdness & Mutations

You cannot be hasted, slowed, berserked, paralysed or teleported.
You can dig through walls and to a lower floor.
You have a pair of large antennae on your head. (SInv)
Your four strong arms can wield two-handed weapons with a shield.


Message History

The orc priest calls upon Beogh to heal the orc.
The orc's wounds heal themselves!
The orc completely misses you.
You hit the orc priest. You punch the orc priest.
The orc priest is moderately wounded.
The orc closely misses you.
The orc priest hits you with a +0 dagger.
The orc hits you but does no damage.
You hit the orc priest.
The orc priest is heavily wounded.
The orc closely misses you. The orc hits you with a +0 club.
The orc priest invokes the aid of Beogh against you.
Pain shoots through your body!
You hit the orc priest.
The orc priest is heavily wounded.
The orc closely misses you. x2; The orc priest closely misses you.
You hit the orc priest.
The orc priest is severely wounded.
You closely miss the orc priest.
The orc priest is severely wounded.
The orc misses you. The orc barely misses you.
The orc priest looks braver for a moment.
You barely miss the orc priest.
The orc priest is severely wounded.
The orc closely misses you. x2; The orc priest barely misses you.
You hit the orc priest.
The orc priest is almost dead.
The orc hits you with a +0 club. The orc barely misses you.
The orc priest barely misses you.
You barely miss the orc priest.
The orc priest is almost dead.
The orc barely misses you. The orc hits you with a +0 club.
* * * LOW HITPOINT WARNING * * *
The orc priest mumbles some strange prayers to Beogh against you.
Pain shoots through your body!
* * * LOW HITPOINT WARNING * * *
You barely miss the orc priest.
The orc priest is almost dead.
The orc misses you. The orc priest barely misses you.
The orc hits you with a +0 club.
You die...

#.###oo.###.#####
#.##.....##.....#
#.#.......#..##.# ..#+####
#.#.8.o.8.#..##.## #......#
#.#.......#.......
#......###.#.{o....#.###.#. .
#.(....+.#.#.......#...#.#.
..#......#.#.#.8...8.#.....#†
.........#.#@#.......#.#.###.
.........#.ooo...............
.........#......)..##........
...####'##.####.#####.###....
#..).........##.###....
####.#####.#..#.#...... #.#
.##.#.##..... #.# .#
..##..... ... .# #........


You could see an orc priest and 2 orcs.

Vanquished Creatures
  A gnoll (D:1)
  A dart slug (D:2)
  An orc (D:2)
  2 ball pythons
  2 endoplasms (D:1)
  A giant cockroach (D:1)
  3 goblins (D:1)
  2 hobgoblins (D:2)
  2 kobolds (D:1)
  2 bats
  A frilled lizard (D:1)
  A rat (D:1)
19 creatures vanquished.

Vanquished Creatures (others)
  5 toadstools (D:1)
5 creatures vanquished.

Grand Total: 24 creatures vanquished

Notes
Turn   | Place    | Note
-------+----------+-------------------------------------------
     0 | D:1      | hikkokomori the Formicid Brigand began the quest for the
                  | Orb.
     0 | D:1      | Reached XP level 1. HP: 16/16 MP: 1/1
    96 | D:1      | Reached skill level 1 in Dodging
   111 | D:1      | Reached XP level 2. HP: 7/23 MP: 2/2
   241 | D:1      | Reached skill level 5 in Stealth
   389 | D:1      | Reached XP level 3. HP: 28/28 MP: 3/3
   780 | D:2      | HP: 1/28 [orc priest/nerve-wracking pain (7)]
   781 | D:2      | Slain by an orc

Illustrated notes

Levels and vault maps discovered:
D:1:      ldierk_walled_garden, layout_rooms
D:2:      cheibrodos_pilgrimage, layout_basic, minmay_misc_feat_roman

Skill      XL: |  1  2 |
---------------+-------+-----
Dodging        | 1 |  1.4
Stealth        | 5 |  5.1
Fighting       | |  2.6
Short Blades   | |  2.4
Throwing       | |  2.3

Action                     || total
---------------------------++-------
  Melee: Dagger            ||    67
         Punch             ||     1
    Use: Potion            ||     1
   Stab: Sleeping          ||     8
 Armour: Skin              ||    14
         Robe              ||     9
  Dodge: Dodged            ||    32

Table legend: (Time is in decaauts)
 A = Elapsed time spent in this place.
 B = Non-inter-level travel time spent in this place.
 C = Inter-level travel time spent in this place.
 D = Time resting spent in this place.
 E = Time spent auto-exploring this place.
 F = Levels seen in this place.
 G = Mean time per level.
                   A        B        C        D        E       F      G
               +--------+--------+--------+--------+--------+-----+--------+
         Total |    773 |    757 |     16 |     85 |    464 |   2 |  386.5 |
       Dungeon |    773 |    757 |     16 |     85 |    464 |   2 |  386.5 |
               +--------+--------+--------+--------+--------+-----+--------+

Top non-repeatable levels by time:
     D:1: 563 daAuts
     D:2: 210 daAuts
